AoeStats
← Leão

African Clearing

505347331Analyzed
4v4 RM · 24d ago on Sep 9, 2026· 58m 52s· 8 players
Game mode
Random Map
Map size
Large (8 player)
Population
200
Speed
Normal
Resources
Standard
Victory
Conquest
Starting age
Dark Age
Ending age
Imperial Age
RankedLock teamsTeams togetherTeam positionsShared explorationLock speedFull tech treeHidden civsTurbo modeCheats
Victory
Defeat
🇨🇱 Aztecs · Chile
1307
+15
🇧🇷 Persians · Brazil
1302
+16
🇧🇷 Berbers · Brazil
1280
+17
🇨🇴 Vietnamese · Colombia
1213
+19
🇨🇴 Mapuche · Colombia
1368
-19
🇦🇷 Franks · Argentina
1368
-20
🇦🇷 Huns · Argentina
1298
-17
🇦🇷 Magyars · Argentina
1136
-14
Leão
10:09 Loom
14:08 Feudal Age
17:48 Castle Age
16:07 Double-Bit Axe
17:13 Fletching
17:23 Gold Mining
19:17 Bow Saw
30:10 Bloodlines
30:01 Husbandry
30:48 Bodkin Arrow
31:41 Padded Archer Armor
33:01 Kasbah
36:15 Ballistics
43:43 Imperial Age
41:48 Wheelbarrow
44:20 Leather Archer Armor
45:15 Conscription
45:47 Bracer
46:26 Ring Archer Armor
47:21 Chemistry
49:23 Horse Collar
50:21 Gold Shaft Mining
51:49 Elite Camel Archer
53:38 Maghrebi Camels
56:49 Heavy Camel Rider
58:37 Forging
58:32 Scale Barding Armor
JR91
3:41 Loom
13:47 Feudal Age
18:58 Castle Age
19:25 Fletching
22:06 Double-Bit Axe
27:29 Horse Collar
36:48 Scale Barding Armor
37:25 Husbandry
39:05 Chain Barding Armor
38:56 Forging
39:25 Bloodlines
41:30 Iron Casting
42:47 Wheelbarrow
46:08 Imperial Age
45:46 Cavalier
47:20 Plate Barding Armor
47:52 Chemistry
52:23 Heavy Plow
52:02 Savar
54:11 Blast Furnace
55:08 Citadels
55:20 Conscription
lucasmauriciogona
3:11 Loom
12:33 Feudal Age
17:07 Castle Age
17:22 Double-Bit Axe
18:36 Wheelbarrow
18:26 Stone Mining
24:41 Town Watch
36:20 Bow Saw
36:12 Horse Collar
43:18 Hand Cart
42:50 Town Watch
49:05 Imperial Age
47:05 Gold Mining
47:21 Squires
47:06 Gambesons
47:06 Arson
47:54 Forging
47:44 Scale Mail Armor
49:09 Gold Shaft Mining
49:10 Stone Shaft Mining
48:10 Eagle Warrior
49:26 Heavy Plow
50:34 Iron Casting
49:53 Elite Eagle Warrior
51:06 Conscription
51:37 Chain Mail Armor
52:22 Blast Furnace
52:48 Garland Wars
53:00 Plate Mail Armor
56:15 Coinage
56:29 Treadmill Crane
57:10 Ballistics
57:50 Chemistry
56:57 Siege Engineers
58:41 Crop Rotation
58:07 Fletching
58:17 Padded Archer Armor
Juan_DavidMLL
13:00 Feudal Age
14:10 Loom
16:20 Double-Bit Axe
21:11 Castle Age
21:12 Fletching
22:52 Bow Saw
23:23 Padded Archer Armor
24:37 Bodkin Arrow
27:31 Husbandry
33:02 Leather Archer Armor
33:36 Ballistics
44:25 Horse Collar
46:55 Wheelbarrow
46:05 Town Watch
47:07 Bloodlines
55:32 Imperial Age
56:24 Bracer
57:29 Ring Archer Armor
57:55 Heavy Cavalry Archer
TVHG.DooM
12:08 Loom
13:54 Feudal Age
18:40 Castle Age
17:44 Double-Bit Axe
17:52 Fletching
19:24 Bodkin Arrow
20:26 Padded Archer Armor
26:44 Bloodlines
32:17 Ballistics
34:29 Leather Archer Armor
36:03 Wheelbarrow
37:42 Husbandry
38:11 Town Watch
40:38 Hand Cart
41:04 Town Patrol
41:33 Thumb Ring
47:38 Imperial Age
48:55 Bracer
50:07 Chemistry
49:45 Parthian Tactics
48:52 Heavy Cavalry Archer
49:40 Gold Mining
49:33 Horse Collar
50:04 Bow Saw
51:56 Parthian Tactics
TVHG.Ruleman | EX REY
13:12 Feudal Age
17:03 Castle Age
17:13 Loom
17:52 Stone Mining
26:20 Murder Holes
32:31 Double-Bit Axe
36:40 Forging
42:53 Wheelbarrow
42:04 Town Watch
43:35 Bow Saw
47:45 Imperial Age
46:19 Scale Barding Armor
48:44 Chain Barding Armor
49:30 Gold Mining
49:49 Husbandry
49:19 Cavalier
51:07 Plate Barding Armor
52:07 Iron Casting
52:04 Scale Mail Armor
51:27 Pikeman
52:08 Squires
51:51 Elite Skirmisher
52:32 Padded Archer Armor
52:23 Fletching
55:17 Blast Furnace
54:34 Chain Mail Armor
55:00 Bodkin Arrow
TVHG. Polac0 crhistF*-
13:23 Feudal Age
15:40 Double-Bit Axe
20:05 Castle Age
19:40 Bloodlines
19:40 Scale Barding Armor
27:21 Bow Saw
31:58 Chain Barding Armor
33:21 Wheelbarrow
34:38 Corvinian Army
41:03 Hand Cart
43:53 Fletching
44:04 Padded Archer Armor
44:47 Bodkin Arrow
45:15 Ballistics
51:57 Imperial Age
53:32 Parthian Tactics
TVHG.LALO_CAESTA
4:15 Loom
15:33 Feudal Age
19:24 Castle Age
19:07 Double-Bit Axe
41:10 Wheelbarrow
44:50 Imperial Age
43:18 Forging
43:21 Town Watch
44:42 Iron Casting
45:40 Elite Kona
49:45 Scale Mail Armor
50:11 Pikeman
50:58 Halberdier
52:17 Arson
54:52 Blast Furnace
54:13 Chain Mail Armor
Connection lost

Rejoining the realm…

Still unreachable

The connection could not be restored.

Session expired

The server has moved on; the page needs a fresh start.